 Dungeon Crawl Stone Soup version 0.32-a0-391-gce5c0aa (webtiles) character file.

Game seed: 13790107277777967060

160 Nithhogg the Covered (level 5, -5/46 HPs)
             Began as a Mountain Dwarf Fighter on Feb 19, 2024.
             Succumbed to a scorpion's poison
             ... on level 4 of the Dungeon.
             The game lasted 00:02:53 (2141 turns).

Nithhogg the Covered (Mountain Dwarf Fighter)       Turns: 2141, Time: 00:02:53

Health: -5/46      AC:  7    Str: 20    XL:     5   Next: 17%
Magic:  7/7        EV:  9    Int:  9    God:
Gold:   144        SH:  4    Dex:  9    Spells: 4/4 levels left

rFire   . . .        a - +0 war axe
rCold   . . .        c - +0 buckler
rNeg    . . .        b - +0 scale mail
rPois   .            (no helmet)
rElec   .            (no cloak)
rCorr   .            (no gloves)
SInv    .            (no boots)
Will    .....        (no amulet) Stlth
                     (no ring)
HPRegen 0.27/turn    (no ring)
MPRegen 0.10/turn

%: no passive effects
@: mighty, lethally poisoned (-5 -> -24), attractive
A: runic magic, artefact enchanting
a: no special abilities


You were on level 4 of the Dungeon.
You visited 1 branch of the dungeon, and saw 4 of its levels.

You collected 144 gold pieces.

Inventory:

Hand Weapons
 a - a +0 war axe (weapon)
Missiles
 o - 4 curare-tipped darts (quivered)
 s - 5 poisoned darts
Armour
 b - a +0 scale mail (worn)
 c - a +0 buckler (worn)
 k - a +2 leather armour of cold resistance
Wands
 m - a wand of quicksilver (7)
Scrolls
 e - 2 scrolls of torment {unknown}
 g - a scroll of enchant weapon {unknown}
 i - a scroll of fog {unknown}
 j - 3 scrolls of amnesia
 l - 3 scrolls of identify
 q - a scroll of teleportation
Potions
 h - a potion of brilliance {unknown}
 n - a potion of haste {unknown}
 p - 2 potions of curing {unknown}
 r - a potion of heal wounds {unknown}


   Skills:
 + Level 4.2 Fighting
 + Level 3.9 Axes
 + Level 4.3 Armour
 - Level 3.2 Shields
 + Level 3.0 Invocations


You had 4 spell levels left.
You didn't know any spells.
Your spell library contained the following spells:

 Spells                   Type           Power      Damage    Failure   Level
 Foxfire                  Conj/Fire      0%         2x1d4     54%         1
 Call Imp                 Summ           0%         N/A       69%         2
 Sublimation of Blood     Necr           0%         N/A       69%         2
 Inner Flame              Hex/Fire       0%         N/A       89%         3
 Irradiate                Conj/Alch      0%         3d11      100%        5
 Plasma Beam              Fire/Air       0%         2x1d10    100%        6
 Starburst                Conj/Fire      0%         6d3       100%        6
 Summon Hydra             Summ           0%         N/A       100%        7
 Ignition                 Fire           0%         3d3       100%        8


Dungeon Overview and Level Annotations

Branches:
Dungeon (4/15)
 Temple: D:4-7

Altars:
Fedhas
Xom

Annotations:
D:3 3 runed translucent doors, Dega's ghost, amateur OpFi; Dorkslayer's ghost, amateur OpFi; Nithhogg's ghost, amateur MDFi


Innate Abilities, Weirdness & Mutations

Your spellcasting is much less encumbered by armour.
You can use scrolls of enchantment on lesser artefacts.


Message History

You hit the scorpion.
The scorpion is moderately wounded.
You feel sick.
The scorpion stings you but does no damage.
You barely miss the scorpion.
The scorpion is moderately wounded.
You feel sick.
You are no longer poisoned.
The scorpion stings you but does no damage. x2
You barely miss the scorpion.
The scorpion is moderately wounded.
The scorpion closely misses you. The scorpion stings you.
You are poisoned.
The scorpion poisons you!
You hit the scorpion.
The scorpion is heavily wounded.
You feel very sick. The scorpion stings you.
You are too injured to fight recklessly!
You are too injured to fight recklessly!
You closely miss the scorpion.
The scorpion is heavily wounded.
You feel sick. The scorpion stings you.
You are more poisoned.
The scorpion poisons you! The scorpion stings you.
You are more poisoned.
The scorpion poisons you!
It was a potion of attraction.
You feel attractive to monsters.
* * * LOW HITPOINT WARNING * * *
You feel extremely sick. The scorpion closely misses you.
You feel very mighty all of a sudden.
* * * LOW HITPOINT WARNING * * *
You feel very sick. The scorpion stings you.
* * * LOW HITPOINT WARNING * * *
You hit the scorpion.
The scorpion is severely wounded.
You die...

#######........#.#....
.#######...........#.#.#.....
.............#.#####.####.#..
#......#.###.#.# #......#..
..####.#.# #.#.# #####.....
#.#.###.#.#########.##.#
#[#..................(..
#.#####.#.#....####.##.. #.
#.@..#.##.#.##.##..
#.....s$.......<..#.....
............##.#........
##############.#.####..#
#.#.# #..# #.#.. ...# #.###
.# #. .# ##


You could see a scorpion.

Vanquished Creatures
  An iguana (D:4)
  6 adders
  2 dart slugs (D:1)
  3 ribbon worms (D:2)
  3 endoplasms
  3 giant cockroaches
  4 hobgoblins
  A quokka (D:1)
  3 ball pythons
  4 bats
  3 frilled lizards (D:3)
  5 goblins
  4 kobolds
  3 rats
45 creatures vanquished.

Notes
Turn   | Place    | Note
-------+----------+-------------------------------------------
     0 | D:1      | Nithhogg the Mountain Dwarf Fighter began the quest for the
                  | Orb.
     0 | D:1      | Reached XP level 1. HP: 19/19 MP: 1/1
   184 | D:1      | Reached XP level 2. HP: 26/26 MP: 2/2
   193 | D:1      | Reached skill level 1 in Invocations
   748 | D:2      | Reached XP level 3. HP: 31/31 MP: 4/4
   885 | D:2      | Identified the +0 leather armour "Cytwyge" {rN+}
   965 | D:2      | Found a shimmering altar of Xom.
  1175 | D:2      | Reached XP level 4. HP: 35/40 MP: 5/5
  1423 | D:3      | Identified the +6 sling of Hoshrax {drain, rC+}
  1458 | D:3      | Found a runed translucent gate.
  1459 | D:3      | Found a runed translucent gate.
  1460 | D:3      | Found a runed translucent gate.
  1673 | D:3      | Found a blossoming altar of Fedhas.
  1808 | D:3      | Noticed Dorkslayer's ghost (amateur OpFi)
  1808 | D:3      | Noticed Nithhogg's ghost (amateur MDFi)
  1809 | D:3      | Noticed Dega's ghost (amateur OpFi)
  2104 | D:4      | Reached XP level 5. HP: 46/46 MP: 7/7
  2140 | D:4      | HP: 1/46 [scorpion (3)]
  2141 | D:4      | Succumbed to a scorpion's poison

Illustrated notes

Levels and vault maps discovered:
D:1:      heliophobic_arrival_dark_side_of_the_moon, layout_basic,
          serial_bayou_pond_d
D:2:      layout_rooms, serial_glass, glass_columns_b, glass_columns_b,
          glass_columns_b, glass_columns_b, glass_columns_a, glass_columns_c,
          basic_altar, minivault_11
D:3:      layout_basic, fedhas_altar_2, gammafunk_ghost_cemetery,
          nicolae_elevator_lobby_asterisk
D:4:      layout_basic, minmay_misc_feat_tiny, chequers_serial_rivers_marsh

Skill      XL: |  1  2  3  4  5 |
---------------+----------------+-----
Invocations    | 1 2 3 |  3.0
Axes           | 3 |  3.9
Armour         | 4 |  4.3
Fighting       | 4 |  4.2
Shields        | |  3.2

Action                     |  1- 3 |  4- 6 || total
---------------------------+-------+-------++-------
  Melee: War axe           |    86 |    67 ||   153
    Use: Scroll            |     4 |       ||     4
         Potion            |       |     2 ||     2
 Armour: Scale mail        |    95 |    56 ||   151
  Dodge: Dodged            |    40 |    34 ||    74
  Block: Buckler           |    24 |    11 ||    35

Table legend: (Time is in decaauts)
 A = Elapsed time spent in this place.
 B = Non-inter-level travel time spent in this place.
 C = Inter-level travel time spent in this place.
 D = Time resting spent in this place.
 E = Time spent auto-exploring this place.
 F = Levels seen in this place.
 G = Mean time per level.
                   A        B        C        D        E       F      G
               +--------+--------+--------+--------+--------+-----+--------+
         Total |   2196 |   2142 |     54 |      2 |   1728 |   4 |  549.0 |
       Dungeon |   2196 |   2142 |     54 |      2 |   1728 |   4 |  549.0 |
               +--------+--------+--------+--------+--------+-----+--------+

Top non-repeatable levels by time:
     D:3: 760 daAuts
     D:1: 752 daAuts
     D:2: 611 daAuts
     D:4: 72 daAuts
